 Dungeon Crawl Stone Soup version 0.28.0-53-g5a82cb258f (webtiles) character file.

Game seed: 2449855128950613834

1515 issech the Carver (level 8, -8/70 HPs)
             Began as a Minotaur Monk on June 3, 2022.
             Mangled by Harold
             ... wielding a +0 short sword of speed
              (16 damage)
             ... on level 7 of the Dungeon.
             The game lasted 00:16:01 (6138 turns).

issech the Carver (Minotaur Monk)                   Turns: 6138, Time: 00:16:01

Health: -8/70      AC: 15    Str: 15    XL:     8   Next: 53%
Magic:  7/7        EV: 10    Int: 14    God:
Gold:   135        SH:  0    Dex: 16    Spells: 7/7 levels left

rFire   + . .      SeeInvis .   l - +0 double sword
rCold   + . .      Faith    .   (no shield)
rNeg    . . .      Spirit   .   Y - +0 plate armour
rPois   +          Reflect  .   C - +2 hat
rElec   .          Harm     .   s - scarf {rC+ rF+}
rCorr   +          Rampage  .   K - +0 pair of gloves
Will    .....                   (no boots)
Stlth   ..........              (no amulet)
HPRegen 0.21/turn               r - ring "Reosub" {rPois rCorr Int+7}
MPRegen 0.10/turn               B - +4 ring of evasion

@: marked
A: horns 2, retaliatory headbutt
a: no special abilities


You were on level 7 of the Dungeon.
You visited 1 branch of the dungeon, and saw 7 of its levels.

You collected 145 gold pieces.
You spent 10 gold pieces at shops.

Inventory:

Hand Weapons
 l - a +0 double sword (weapon)
 q - a +1 whip of venom
 t - the +7 spear "Powk" {elec, *Corrode rPois Str+4 SInv}
   (You found it on level 5 of the Dungeon)

   It occasionally discharges a powerful burst of electricity upon striking a
   foe.
   Str:       It affects your strength (+4).
   rPois:     It protects you from poison.
   SInv:      It lets you see invisible.
   *Corrode:  It may corrode you when you take damage.
 A - a +1 short sword of electrocution
 M - a +0 hunting sling
 P - a +0 shortbow
 T - a +1 mace of venom
 V - a +3 hand axe
 X - a +0 battleaxe
Missiles
 e - 42 arrows
 f - 8 poisoned darts (quivered)
 j - 271 stones
 p - 10 sling bullets
 x - 6 javelins
 G - 41 bolts
 N - a curare-tipped dart
 Q - 4 silver javelins
 W - 3 boomerangs
Armour
 b - an orb of wrath
 s - a scarf of resistance (worn)
 C - a +2 hat (worn)
 K - a +0 pair of gloves (worn)
 Y - a +0 plate armour (worn)
Jewellery
 r - the ring "Reosub" (left hand) {rPois rCorr Int+7}
   (You found it on level 4 of the Dungeon)

   [ring of resist corrosion]

   Int:       It affects your intelligence (+7).
   rPois:     It protects you from poison.
   rCorr:     It protects you from acid and corrosion.
 u - a ring of positive energy
 w - a +6 ring of intelligence
 B - a +4 ring of evasion (right hand)
 Z - a ring of poison resistance
Wands
 H - a wand of flame (17)
 J - a wand of acid (18)
 L - a wand of digging (6)
 O - a wand of polymorph (8)
Scrolls
 a - 2 scrolls of torment {unknown}
 g - a scroll of fear {unknown}
 k - 2 scrolls of magic mapping {unknown}
 m - 2 scrolls of noise {unknown}
 n - a scroll of holy word {unknown}
 o - 2 scrolls of identify {unknown}
 v - a scroll of blinking {unknown}
 y - a scroll of enchant armour {unknown}
 D - 2 scrolls of teleportation {unknown}
 E - a scroll of silence {unknown}
 I - a scroll of amnesia {unknown}
 S - a scroll of enchant weapon {unknown}
 U - a scroll of fog {unknown}
Potions
 c - 2 potions of curing {unknown}
 d - 2 potions of magic {unknown}
 h - 2 potions of cancellation {unknown}
 i - 2 potions of invisibility {unknown}
 z - a potion of heal wounds {unknown}
 F - a potion of brilliance {unknown}
 R - a potion of degeneration


   Skills:
 + Level 6.2 Fighting
 + Level 8.4 Long Blades
 + Level 4.6 Axes
 + Level 5.9 Armour
 + Level 4.5 Dodging
 + Level 2.5 Stealth


You had 7 spell levels left.
You didn't know any spells.
Your spell library was empty.

Dungeon Overview and Level Annotations

Branches:
Dungeon (7/15)
 Temple: D:4-7

Altars:

Shops:
D:5 !

Annotations:
D:7 Harold


Innate Abilities, Weirdness & Mutations

You have a pair of horns on your head.
You reflexively headbutt those who attack you in melee.


Message History

Harold barely misses you.
You hit Harold but do no damage.
Harold hits you with a +0 short sword of speed.
You hit Harold but do no damage. Your headbutt misses Harold.
Harold barely misses you.
Harold grumbles, "Just give up already, I want to go home!"
Harold hits you with a +0 short sword of speed!
You hit Harold but do no damage. Harold gestures at you while chanting.
A sentinel's mark forms upon you.
You completely miss Harold.
Harold hits you with a +0 short sword of speed!
Harold completely misses you.
You slash Harold!
Harold is lightly wounded.
Harold hits you with a +0 short sword of speed!
You hit Harold but do no damage.
Harold is lightly wounded.
Harold hits you but does no damage. Harold gestures at you while chanting.
The mark upon you grows brighter.
You hit Harold. Your headbutt misses Harold.
Harold is lightly wounded.
An orc comes into view. It is wielding a +0 club.
Harold hits you with a +0 short sword of speed!
You closely miss Harold.
Harold is lightly wounded.
Harold closely misses you.
Harold hits you with a +0 short sword of speed!
* * * LOW HITPOINT WARNING * * *
You closely miss Harold. You headbutt Harold.
Harold is lightly wounded.
Harold hits you with a +0 short sword of speed.
* * * LOW HITPOINT WARNING * * *
You slash Harold! Your headbutt misses Harold.
Harold is moderately wounded.
Harold hits you with a +0 short sword of speed.
* * * LOW HITPOINT WARNING * * *
Harold hits you with a +0 short sword of speed!
You die...

.## #...
####.....
#......# ##
#######<#
#..#### ..
#.......#
#..... ..
#.#####.###..##
.#
#.o@@...###..#
####.....<...#
#........##
###.###### #.#
.# #


You could see Harold and an orc.

Vanquished Creatures
  Eustachio (D:4)
  An orc warrior (D:6)
  A sky beast (D:6)
  3 ogres
  A centaur (D:5)
  A kobold brigand (D:6)
  A scorpion (D:6)
  A wyvern skeleton (D:6)
  2 howler monkeys
  A bullfrog zombie (D:5)
  3 centaur zombies
  3 hounds
  3 orc priests
  A jelly (D:5)
  A centaur skeleton (D:6)
  An iguana (D:4)
  An orc wizard (D:6)
  A hound zombie (D:5)
  A hound skeleton (D:3)
  5 adders
  2 howler monkey skeletons
  A white imp (D:6)
  A worm (D:3)
  2 dart slugs
  16 orcs
  9 ball pythons
  5 bats
  6 endoplasms
  4 giant cockroaches
  5 goblins
  4 hobgoblins
  7 jackals
  12 kobolds
  A quokka (D:1)
  A frilled lizard (D:3)
  A quokka skeleton (D:4)
  2 rats
112 creatures vanquished.

Vanquished Creatures (others)
  5 plants (D:2)
5 creatures vanquished.

Grand Total: 117 creatures vanquished

Notes
Turn   | Place    | Note
-------+----------+-------------------------------------------
     0 | D:1      | issech the Minotaur Monk began the quest for the Orb.
     0 | D:1      | Reached XP level 1. HP: 19/19 MP: 0/0
   105 | D:1      | Reached XP level 2. HP: 20/27 MP: 1/1
   870 | D:2      | Reached XP level 3. HP: 33/33 MP: 2/2
  1617 | D:2      | You fall into a shaft and drop 2 floors!
  1618 | D:4      | Identified the ring "Reosub" {rPois rCorr Int+7}
  1624 | D:4      | Reached skill level 1 in Long Blades
  1624 | D:4      | Reached XP level 4. HP: 41/41 MP: 3/3
  1737 | D:3      | Reached skill level 2 in Long Blades
  1737 | D:3      | Reached skill level 1 in Armour
  1853 | D:3      | Reached XP level 5. HP: 47/47 MP: 4/4
  2470 | D:3      | Found a faded altar of an unknown god.
  2595 | D:3      | Reached skill level 3 in Long Blades
  3336 | D:4      | Noticed Eustachio
  3351 | D:4      | Killed Eustachio
  3352 | D:4      | Reached skill level 4 in Long Blades
  3352 | D:4      | Reached XP level 6. HP: 35/55 MP: 5/5
  3552 | D:4      | Reached skill level 5 in Fighting
  3602 | D:5      | Entered Level 5 of the Dungeon
  3697 | D:5      | Reached skill level 5 in Long Blades
  3843 | D:5      | Reached XP level 7. HP: 61/61 MP: 6/6
  3937 | D:5      | Identified the +7 spear "Powk" {elec, *Corrode rPois Str+4
                  | SInv}
  4482 | D:5      | Reached skill level 6 in Long Blades
  4538 | D:5      | Found Omukepp's Distillery.
  4549 | D:5      | Bought a potion of degeneration for 10 gold pieces
  5381 | D:6      | Reached skill level 5 in Armour
  5385 | D:6      | Reached skill level 7 in Long Blades
  5541 | D:6      | Reached XP level 8. HP: 58/69 MP: 7/7
  5818 | D:6      | Reached skill level 8 in Long Blades
  6066 | D:7      | Noticed Harold
  6138 | D:7      | Mangled by Harold

Illustrated notes

Levels and vault maps discovered:
D:1:      saegor_arrival_miasma, layout_loops_cross
D:2:      layout_loops_corners, serial_forest, infiniplex_forest_end_1,
          infiniplex_forest_straight_1, infiniplex_forest_lined_corner,
          infiniplex_forest_split, infiniplex_forest_straight_3,
          infiniplex_forest_clump_medium, infiniplex_forest_straight_2,
          st_stairs_9
D:3:      layout_loops_ring, ebering_ecumenical_altar_sacrificial,
          minmay_cut_off
D:4:      layout_rooms, st_stairs_6, uniq_eustachio
D:5:      layout_layer_cave, serial_shops, nicolae_shop_trees,
          serial_park_tiny_pond, kennysheep_generic_room_13
D:6:      nicolae_cairo_tiling_large, layout_rooms
D:7:      layout_loops_corners, minmay_temple_entry_slanted,
          biasface_ghost_orc_armoury, uniq_maggie, uniq_harold

Skill      XL: |  1  2  3  4  5  6  7  8 |
---------------+-------------------------+-----
Axes           | 4 |  4.6
Fighting       | 4 5 6 |  6.2
Long Blades    | 1 2 4 5 7 8 |  8.4
Armour         | 1 3 5 |  5.9
Stealth        | 2 |  2.5
Dodging        | 4 |  4.5

Action                   |  1- 3 |  4- 6 |  7- 9 || total
-------------------------+-------+-------+-------++-------
Melee: Hand axe          |    25 |       |       ||    25
       Headbutt          |     7 |    14 |    36 ||    57
       Double sword      |    22 |    92 |   118 ||   232
       Punch             |     1 |     1 |     1 ||     3
 Stab: Sleeping          |     1 |       |       ||     1
Armor: Robe              |     7 |       |       ||     7
       Ring mail         |     9 |       |       ||     9
       Scale mail        |     2 |    39 |    27 ||    68
       Plate armour      |       |       |    53 ||    53
Dodge: Dodged            |    49 |    63 |   102 ||   214
